AoeStats
← gabrielcarbajaln77

Pilgrims

510210329Analyzed
2v2 RM · 4d ago on Sep 30, 2026· 41m 31s· 4 players
Game mode
Random Map
Map size
Medium (4 player)
Population
200
Speed
Normal
Resources
Standard
Victory
Conquest
Starting age
Dark Age
Ending age
Imperial Age
RankedLock teamsTeams togetherTeam positionsShared explorationLock speedFull tech treeHidden civsTurbo modeCheats
Victory
Defeat
🇧🇬 Chinese · Bulgaria
924
+12
🇻🇳 Malay · Vietnam
811
+15
🇵🇪 Goths · Peru
855
-15
🇺🇸 Khmer · United States
783
-12
nordland11
3:51 Loom
12:08 Feudal Age
13:43 Wheelbarrow
13:44 Double-Bit Axe
13:56 Fishing Lines
15:51 Gold Mining
18:57 Castle Age
17:11 Stone Mining
18:31 Padded Archer Armor
18:22 Fletching
19:38 Forging
19:58 Hand Cart
21:07 Gillnets
21:22 Squires
22:01 Leather Archer Armor
22:26 Bow Saw
24:15 Gold Shaft Mining
24:42 Arson
29:01 Imperial Age
29:10 Bodkin Arrow
29:29 Town Watch
30:21 Ring Archer Armor
29:52 Bracer
31:23 Iron Casting
33:22 Two-Man Saw
32:11 Horse Collar
33:02 Conscription
34:20 Blast Furnace
33:59 Capped Ram
34:48 Elite Chu Ko Nu
36:17 Scale Mail Armor
39:18 Chemistry
38:38 Ballistics
40:03 Siege Ram
Wassss
4:32 Loom
10:10 Feudal Age
11:28 Double-Bit Axe
17:48 Castle Age
17:04 Gold Mining
18:39 Scale Barding Armor
21:08 Bow Saw
22:12 Horse Collar
24:14 Wheelbarrow
24:29 Stone Mining
25:15 Heavy Plow
25:12 Fishing Lines
28:22 Hand Cart
33:06 Imperial Age
34:34 Forging
33:51 Elite Karambit Warrior
36:53 Conscription
Clucking Bell Farms
4:18 Loom
13:40 Feudal Age
15:11 Wheelbarrow
14:27 Double-Bit Axe
15:27 Fishing Lines
15:32 Fishing Lines
22:04 Castle Age
20:05 Town Watch
21:13 Man-at-Arms
22:26 Long Swordsman
22:27 Pikeman
24:18 Bow Saw
24:25 Forging
24:16 Scale Mail Armor
25:51 Stone Mining
25:53 Gold Mining
26:54 Gillnets
28:19 Husbandry
31:26 Scale Barding Armor
31:57 Iron Casting
34:29 Bloodlines
39:28 Anarchy
gabrielcarbajaln77
5:19 Loom
14:49 Feudal Age
15:20 Horse Collar
15:38 Double-Bit Axe
17:05 Stone Mining
23:42 Castle Age
27:08 Town Watch
34:43 Wheelbarrow
34:01 Gold Mining
35:51 Hand Cart
39:32 Ballistics
42:19 Imperial Age
42:02 Ballistics
Connection lost

Rejoining the realm…

Still unreachable

The connection could not be restored.

Session expired

The server has moved on; the page needs a fresh start.